 Dungeon Crawl Stone Soup version 0.19-a0-406-ge21436e (webtiles) character file.

2401 Ordine the Transmogrifier (level 9, 0/53 HPs)
             Began as an Octopode Transmuter on May 30, 2016.
             Killed from afar by an orc wizard (10 damage)
             ... with a puff of flame
             ... on level 8 of the Dungeon on May 31, 2016.
             The game lasted 00:26:45 (9771 turns).

Ordine the Transmogrifier (Octopode Transmuter)     Turns: 9771, Time: 00:26:47

Health: 0/53       AC:  1    Str:  9    XL:     9   Next: 46%
Magic:  8/12       EV: 13    Int: 19    God:
Gold:   404        SH:  0    Dex: 12    Spells: 3 memorised, 0 levels left

rFire  . . .     SeeInvis .       - Unarmed
rCold  . . .     Gourm    .     (shield currently unavailable)
rNeg   . . .     Faith    .     (helmet restricted)
rPois  .         Spirit   .     (no amulet)
rElec  .         Dismiss  .     (no ring)
rCorr  .         Reflect  .     (no ring)
SustAt .         Harm     .     (no ring)
MR     .....                    (no ring)
Stlth  ++........               (no ring)
                                (no ring)
                                (no ring)
                                (no ring)

@: lethally poisoned (0 -> -10), blade tentacles, not resistant to hostile
enchantments, unstealthy
A: almost no armour, amphibious, 8 rings, constrict 8, camouflage 1, gelatinous
body 1
a: End Transformation


You were on level 8 of the Dungeon.
You were not hungry.
You had blades for tentacles.
You visited 2 branches of the dungeon, and saw 9 of its levels.
You also visited: Sewer.

You collected 404 gold pieces.

Inventory:

Armour
 t - the cursed -2 cloak of Ytakialeqo {Int+4, unknown}
   (You found it on level 5 of the Dungeon)

   It affects your intelligence (+4).
   It has a curse placed upon it.
Jewellery
 i - an uncursed amulet of magic regeneration {unknown}
 j - an uncursed amulet of rage {unknown}
 o - a cursed ring of wizardry {unknown}
 s - an uncursed ring of protection from cold {unknown}
Wands
 m - a wand of digging (9/24)
 q - a wand of acid (11/15)
 B - a wand of flame (17/48)
 C - a wand of iceblast (8/15)
Scrolls
 g - a scroll of magic mapping
 k - a scroll of fog
 y - a scroll of enchant weapon
 z - a scroll of enchant armour
Potions
 a - 3 potions of curing
 f - 2 potions of invisibility
 l - a potion of might
 n - a potion of resistance
 r - a potion of haste {unknown}
 u - 3 potions of agility {unknown}
 x - a potion of magic
Books
 b - a book of Changes

   Spells                             Type                      Level
   a - Beastly Appendage              Transmutation                1
   b - Sticks to Snakes               Transmutation                2
   c - Spider Form                    Transmutation/Poison         3
   d - Ice Form                       Ice/Transmutation            4
   e - Blade Hands                    Transmutation                5
 v - a book of Transfigurations

   Spells                             Type                      Level
   a - Irradiate                      Conjuration/Transmutation    5
   b - Statue Form                    Transmutation/Earth          6
   c - Hydra Form                     Transmutation                6
   d - Dragon Form                    Transmutation                7
Comestibles
 c - 7 bread rations
 d - 5 meat rations
 h - 3 beef jerkies
 p - a fruit
 w - a slice of pizza
 A - a royal jelly
 D - 2 chunks of flesh


   Skills:
 - Level 1.0 Fighting
 + Level 2.8 Dodging
 * Level 8.0 Unarmed Combat
 - Level 2.0 Spellcasting
 - Level 10.0 Transmutations


You couldn't memorise any spells.
You knew the following spells:

 Your Spells              Type           Power        Failure   Level  Hunger
a - Spider Form           Tmut/Pois      ###.......   41%         3    ###....
b - Ice Form              Ice/Tmut       ###.....     63%         4    #####..
c - Blade Hands           Tmut           #####.....   45%         5    ######.


Dungeon Overview and Level Annotations

Branches:
Dungeon (8/15)             Temple (1/1) D:4            Lair (0/8) D:8

Altars:
Ashenzari
Dithmenos
Elyvilon
Fedhas
Gozag
Hepliaklqana
Kikubaaqudgha
Makhleb
Okawaru
Pakellas
Qazlal
Ru
Trog
Uskayaw
Vehumet
Xom
Yredelemnul
Zin
The Shining One

Shops:
D:3 }


Innate Abilities, Weirdness & Mutations

You cannot wear most types of armour.
You are amphibious.
You can wear up to eight rings at the same time.
You can use your tentacles to constrict eight enemies at once.
Your skin changes colour to match your surroundings (Stealth+).
Your rubbery body absorbs attacks. (AC +1)


Message History

You feel much better.
You feel very sick. The orc wizard closely misses you.
The orc warrior hits you with a trident of venom!
* * * LOW HITPOINT WARNING * * *
You are more poisoned.
The orc wizard hits you with a dagger.
* * * LOW HITPOINT WARNING * * *
You feel better. The orc wizard hits you with a dagger.
The orc warrior hits you with a trident of venom!
* * * LOW HITPOINT WARNING * * *
You are lethally poisoned!
You feel much better.
You feel sick. The orc wizard casts a spell at you. The puff of flame hits you!
* * * LOW HITPOINT WARNING * * *
The orc warrior misses you.
The orc wizard gestures at you while chanting.
The puff of flame hits you!
You die...

########## #...##...#
#########...##...#
#...........##...#
#............+>..######
#.....o.....##.zz..z...
#.....o@..<# #.<.......
#..........# ##+#......
#..........# #....
#..........# ###
######......!
....###### .....#
.....#


You could see an orc warrior and an orc wizard.

Vanquished Creatures
  The ghost of Ordine the Changer, a novice OpTm of Cheibriados (D:4)
  Grinder (D:6)
  The ghost of P0WERM0DE the Skirmisher, an amateur DsCK of Xom (D:3)
  An ice beast (D:6)
  An orc warrior (D:7)
  A sky beast (D:6)
  2 ogres
  Blork the orc (D:4)
  2 giant frogs (D:7)
  A howler monkey (D:4)
  3 crimson imps
  A centaur zombie (D:7)
  A giant frog zombie (D:7)
  2 jellies
  A hound (D:5)
  A giant frog skeleton (D:7)
  4 orc priests
  8 orc wizards
  Jessica (D:3)
  5 worker ants
  A killer bee zombie (D:5)
  A hound skeleton (D:4)
  17 adders
  A river rat (D:6)
  A shadow imp (D:5)
  An ooze (D:6)
  5 worms
  3 dart slugs (D:1)
  8 giant geckos
  18 orcs
  6 bats
  10 giant cockroaches
  6 goblins
  15 hobgoblins
  10 jackals
  2 quokkas
  6 ball pythons
  6 giant newts
  18 kobolds
  A quokka skeleton (D:4)
  7 rats
  A plant (Sewer)
183 creatures vanquished.

Notes
Turn   | Place    | Note
--------------------------------------------------------------
     0 | D:1      | Ordine the Octopode Transmuter began the quest for the Orb.
     0 | D:1      | Reached XP level 1. HP: 13/13 MP: 3/3
   263 | D:1      | Reached XP level 2. HP: 17/18 MP: 5/5
   341 | D:1      | Reached skill level 3 in Transmutations
   510 | D:1      | Reached XP level 3. HP: 17/23 MP: 6/6
   710 | D:1      | Learned a level 3 spell: Spider Form
  2013 | D:2      | Reached XP level 4. HP: 24/28 MP: 7/7
  2180 | D:2      | Reached skill level 4 in Transmutations
  2422 | D:2      | Found an iron altar of Okawaru.
  3007 | D:3      | Reached XP level 5. HP: 26/33 MP: 2/8
  3024 | D:3      | Noticed P0WERM0DE's ghost (amateur DsCK)
  3444 | D:3      | Noticed Jessica
  3452 | D:3      | Killed Jessica
  3452 | D:3      | Reached skill level 5 in Transmutations
  3693 | D:3      | Noticed an ogre
  3708 | D:3      | Killed an ogre
  3708 | D:3      | Reached XP level 6. HP: 38/38 MP: 6/9
  3785 | D:3      | Found an oddly glowing altar of Pakellas.
  3785 | D:3      | Found Pakellas's Prime Provisions.
  3939 | D:3      | Killed P0WERM0DE's ghost
  3939 | D:3      | Reached skill level 6 in Transmutations
  4059 | D:3      | Reached XP level 7. HP: 32/43 MP: 10/10
  4400 | D:3      | Found a glowing golden altar of the Shining One.
  4571 | D:4      | Learned a level 5 spell: Blade Hands
  4573 | D:4      | Found a blossoming altar of Fedhas.
  4598 | D:4      | Reached skill level 5 in Unarmed Combat
  4747 | D:4      | Noticed Ordine's ghost (novice OpTm)
  4767 | D:4      | Killed Ordine's ghost
  4767 | D:4      | Reached skill level 7 in Transmutations
  4767 | D:4      | Reached XP level 8. HP: 48/48 MP: 11/11
  4796 | D:4      | Found a staircase to the Ecumenical Temple.
  4804 | Temple   | Entered the Ecumenical Temple
  5453 | D:4      | Reached skill level 8 in Transmutations
  5506 | D:4      | Noticed Blork the orc
  5520 | D:4      | Killed Blork the orc
  5909 | D:5      | Entered Level 5 of the Dungeon
  6245 | D:5      | Got a distressingly furry cloak
  6905 | D:6      | Reached skill level 9 in Transmutations
  7091 | D:6      | Found a glowing drain.
  7104 | Sewer    | Entered a sewer
  8087 | D:6      | Noticed Grinder
  8097 | D:6      | Killed Grinder
  8097 | D:6      | Reached XP level 9. HP: 30/53 MP: 6/12
  8964 | D:7      | Found an opulent altar of Gozag.
  9159 | D:7      | Found a shadowy altar of Dithmenos.
  9160 | D:7      | Found a shattered altar of Ashenzari.
  9163 | D:7      | Found a hide-covered altar of Uskayaw.
  9171 | D:7      | Reached skill level 10 in Transmutations
  9328 | D:7      | Found a glowing silver altar of Zin.
  9379 | D:7      | Learned a level 4 spell: Ice Form
  9666 | D:7      | Found a stormy altar of Qazlal.
  9668 | D:7      | Found a bloodstained altar of Trog.
  9670 | D:7      | Found a basalt altar of Yredelemnul.
  9670 | D:7      | Found an oddly glowing altar of Pakellas.
  9671 | D:7      | Found a burning altar of Makhleb.
  9733 | D:8      | Found a staircase to the Lair.
  9771 | D:8      | Killed from afar by an orc wizard

Vault maps used:
D:1:      dpeg_arrival_tiny_k, eino_curves_04, nrook_mini_backslash
D:2:      old_standard_altar
D:3:      lemuel_crystal_altar, first_bread, johnstein_pakellas_shop,
          uniq_jessica
D:4:      corexii_shack_village, nicolae_overflow_crystal_walls,
          minmay_temple_entry_junction2, uniq_blork_the_orc
D:6:      gup_sewer_entry_spiral, uniq_grinder
D:7:      overflow_temple_1_default, zin_statuary, grunt_temple_overflow_open
D:8:      due_megacathedral, cheibrodos_worm_habitat, tgw_sif, hangedman_ranch,
          minmay_misc_feat_roman, grunt_ministairs_9
Temple:   circular_temple_6
Sewer:    sewer_co_scattered_pipes

Skill      XL: |  1  2  3  4  5  6  7  8  9 |
---------------+----------------------------+-----
Transmutations | 3 4 5 6 7 9 10 | 10.0
Unarmed Combat | 4 5 7 8 |  8.0
Fighting       | |  1.0
Dodging        | |  2.8
Spellcasting   | |  2.0

Action                   |  1- 3 |  4- 6 |  7- 9 || total
-------------------------+-------+-------+-------++-------
Melee: Unarmed           |    78 |   145 |   346 ||   569
       Constrict         |    20 |    25 |    56 ||   101
       Tentacles         |     9 |    20 |    39 ||    68
       Punch             |     4 |     2 |    15 ||    21
 Cast: Spider Form       |     1 |     4 |     6 ||    11
       Blade Hands       |       |       |     6 ||     6
  Use: Scroll            |     5 |     2 |    10 ||    17
       Potion            |       |     2 |     7 ||     9
 Stab: Sleeping          |     5 |     3 |    15 ||    23
       Distracted        |       |     1 |       ||     1
  Eat: Chunk             |     3 |     8 |    18 ||    29
       Beef jerky        |       |       |     1 ||     1
       Fruit             |       |       |     2 ||     2
Armor: Skin              |     2 |     8 |    23 ||    33
Dodge: Dodged            |    32 |    87 |   171 ||   290
